 Dungeon Crawl Stone Soup version 0.18-a0-1041-gbe91bf5 (webtiles) character file.

7738 st0uf the Grappler (level 11, -3/109 HPs)
             Began as a Troll Berserker on Jan 10, 2016.
             Was a High Priest of Trog.
             Slain by a basilisk (5 damage)
             ... on level 9 of the Dungeon.
             The game lasted 00:41:46 (7589 turns).

st0uf the Grappler (Troll Berserker)                Turns: 7589, Time: 00:41:46

Health: -3/109     AC:  5    Str: 27    XL:     11   Next: 0%
Magic:  10/10      EV: 13    Int:  4    God:    Trog [*****.]
Gold:   642        SH:  0    Dex: 11    Spells: 0 memorised, 10 levels left

rFire  . . .     SeeInvis .       - Unarmed
rCold  . . .     Gourm    +     q - +0 robe (curse)
rNeg   . . .     Faith    .     (no shield)
rPois  .         Spirit   .     (helmet restricted)
rElec  .         Dismiss  .     (no cloak)
rCorr  .         Reflect  .     (gloves unavailable)
SustAt .         Harm     .     (boots unavailable)
MR     .....                    (no amulet)
Stlth  +.........               (no ring)
                                (no ring)

@: exhausted, slowed, very slow, not resistant to hostile enchantments, very
unstealthy
A: unfitting armour, claws 3, fast metabolism 3, gourmand, regeneration 2,
shaggy fur 1, tough skin 2
a: Berserk, Trog's Hand, Brothers in Arms, Burn Spellbooks, Renounce Religion


You were on level 9 of the Dungeon.
You worshipped Trog.
Trog was extremely pleased with you.
You were very full.

You visited 2 branches of the dungeon, and saw 10 of its levels.
You also visited: Ossuary.

You collected 642 gold pieces.

Inventory:

Missiles
 h - 3 throwing nets
 l - 227 stones (quivered)
 J - 4 tomahawks
Armour
 a - a +0 animal skin
 q - a cursed +0 robe (worn)
Scrolls
 c - 7 scrolls of identify {unknown}
 d - a scroll of immolation {unknown}
 e - 2 scrolls of blinking {unknown}
 i - a scroll of enchant armour {unknown}
 j - 4 scrolls of remove curse {unknown}
 k - 4 scrolls of magic mapping {unknown}
 m - 4 scrolls of fog {unknown}
 o - 5 scrolls of teleportation {unknown}
 p - 4 scrolls of random uselessness {unknown}
 r - 2 scrolls of fear {unknown}
 s - 3 scrolls of amnesia {unknown}
 t - a scroll of enchant weapon {unknown}
 x - a scroll of noise {unknown}
 y - 4 scrolls of recharging {unknown}
Potions
 g - 2 potions of magic {unknown}
 v - 4 potions of curing {unknown}
 w - 2 potions of cure mutation {unknown}
 z - 3 potions of heal wounds {unknown}
 B - a potion of lignification {unknown}
 E - 2 potions of cancellation {unknown}
 F - a potion of mutation {unknown}
 G - 2 potions of might {unknown}
 H - a potion of ambrosia {unknown}
Books
 u - a book of Maledictions

   Spells                             Type                      Level
   a - Corona                         Hexes                        1
   b - Ensorcelled Hibernation        Hexes/Ice                    2
   c - Confuse                        Hexes                        3
   d - Tukima's Dance                 Hexes                        3
   e - Dazzling Spray                 Conjuration/Hexes            3
   Trog disapproves of the use of such an item.
Comestibles
 b - 9 bread rations
 f - 7 fruits
 n - 8 beef jerkies
 A - a slice of pizza
 C - a royal jelly
 D - 5 meat rations
 I - 3 chunks of flesh


   Skills:
 + Level 7.2 Fighting
 + Level 4.8 Throwing
 + Level 8.7 Dodging
 + Level 10.3 Unarmed Combat


You had 10 spell levels left.
You didn't know any spells.

Dungeon Overview and Level Annotations

Branches:
Dungeon (9/15)             Temple (1/1) D:4             Orc (0/2) D:9
   Lair: D:8-11

Altars:
Cheibriados
Dithmenos
Elyvilon
Fedhas
Gozag
Kikubaaqudgha
Makhleb
Nemelex Xobeh
Okawaru
Pakellas
Qazlal
Ru
Sif Muna
Trog
Vehumet
Xom
Yredelemnul
Zin
The Shining One


Innate Abilities, Weirdness & Mutations

You are too large for most types of armour.
You have claws for hands.
Your metabolism is lightning-fast.
You like to eat raw meat.
You heal very quickly.
You are covered in fur (AC +1).
You have very tough skin (AC +2).


Message History

You turn to flesh and can move again.
You completely miss the rat. The rat barely misses you.
You completely miss the rat. Your claw misses the rat.
The rat barely misses you.
You claw the rat!
You kill the rat!
Trog accepts your kill.
You scratch the basilisk.
The basilisk is lightly wounded.
The basilisk bites you!!
* * * LOW HITPOINT WARNING * * *
You scratch the basilisk.
The basilisk is lightly wounded.
The basilisk bites you.
* * * LOW HITPOINT WARNING * * *
You closely miss the basilisk.
The basilisk is lightly wounded.
The basilisk hisses menacingly.
The basilisk bites you.
You die...

.. #...# .. ##...# ...
..##.>..# r.$.
.......###
....Y##.......# #
..............#####.#
...♣#.#.......##... #
.#.##....#.##.# ###.#
...........rl@.#
.....#
#_###.....#.##.###...#
#....##.##.....#
#.......##.#.###
....##.#####.#..# ####
#.# #.##.# # #.#
#..#.##.# ...
#.#.....# .. .###.####


You could see a basilisk and a rat.

Vanquished Creatures
  The ghost of chonchonts the Cleaver, a novice MiFi (D:4)
  The ghost of kak the Covert, a novice SpAr (D:5)
  A wyvern (D:6)
  11 yaks (D:9)
  2 hippogriffs
  Menkaure (D:4)
  Edmund (D:4)
  2 phantoms
  9 ogres
  6 orc warriors
  6 centaurs
  A crocodile (D:9)
  A big kobold (D:7)
  5 giant frogs
  A gnoll sergeant (D:7)
  A wyvern zombie (D:9)
  An elf zombie (Ossuary)
  2 scorpions
  9 wights (D:7)
  A crimson imp (D:6)
  A centaur zombie (D:8)
  2 quasits (D:6)
  3 gnoll shamans (D:5)
  2 jellies
  5 orc priests
  9 hounds
  A giant frog skeleton (D:8)
  3 orc wizards (D:6)
  3 iguanas
  3 worker ants
  A big kobold zombie (Ossuary)
  2 hound zombies (Ossuary)
  4 mummies
  Robin (D:2)
  42 gnolls
  9 adders
  2 river rats (D:9)
  An ooze (D:3)
  3 adder zombies (Ossuary)
  An adder skeleton (D:9)
  A worm (D:2)
  7 giant geckos
  25 orcs
  4 giant cockroaches
  2 gnoll zombies (Ossuary)
  13 goblins
  14 hobgoblins
  18 jackals
  7 kobolds
  3 quokkas
  A ball python (D:1)
  4 bats
  A giant gecko skeleton (D:5)
  A giant gecko zombie (D:6)
  4 giant newts
  6 goblin zombies (Ossuary)
  A hobgoblin zombie (Ossuary)
  A jackal skeleton (D:5)
  4 jackal zombies (Ossuary)
  4 kobold zombies (Ossuary)
  An orc zombie (Ossuary)
  A quokka zombie (D:8)
  8 rats
  5 rat zombies (Ossuary)
297 creatures vanquished.

Vanquished Creatures (others)
  The ghost of Chiseanne the Gusty, an amateur CeAE (D:3)
  A phantom (D:6)
2 creatures vanquished.

Grand Total: 299 creatures vanquished

Notes
Turn   | Place    | Note
--------------------------------------------------------------
     0 | D:1      | st0uf the Troll Berserker began the quest for the Orb.
     0 | D:1      | Reached XP level 1. HP: 22/22 MP: 0/0
   258 | D:1      | Reached XP level 2. HP: 26/29 MP: 1/1
   656 | D:2      | Reached XP level 3. HP: 36/36 MP: 2/2
   680 | D:2      | Reached ** piety under Trog
   753 | D:2      | Found a glowing golden altar of the Shining One.
   916 | D:2      | Noticed Robin
   946 | D:2      | Killed Robin
   946 | D:2      | Reached XP level 4. HP: 8/45 MP: 3/3
  1250 | D:3      | Noticed an ogre
  1259 | D:3      | Killed an ogre
  1259 | D:3      | Reached skill level 4 in Unarmed Combat
  1259 | D:3      | Reached XP level 5. HP: 53/53 MP: 4/4
  1267 | D:3      | Reached *** piety under Trog
  1284 | D:3      | Noticed Chiseanne's ghost (amateur CeAE)
  1291 | D:4      | Noticed chonchonts's ghost (novice MiFi)
  1298 | D:5      | Entered Level 5 of the Dungeon
  1298 | D:5      | Noticed kak's ghost (novice SpAr)
  1305 | D:6      | Found a shadowy altar of Dithmenos.
  1363 | D:6      | Reached XP level 6. HP: 59/61 MP: 5/5
  1499 | D:6      | Noticed an orc warrior
  1539 | D:6      | Reached skill level 5 in Unarmed Combat
  1541 | D:6      | Found a sand-covered staircase.
  1546 | D:6      | Reached XP level 7. HP: 39/68 MP: 6/6
  1550 | D:6      | Reached skill level 1 in Throwing
  1662 | Ossuary  | Entered an ossuary
  2123 | Ossuary  | Reached skill level 5 in Dodging
  2323 | D:6      | HP: 1/106 [orc warrior/glaive (20)]
  2484 | D:6      | Reached XP level 8. HP: 79/79 MP: 7/7
  2485 | D:6      | Reached skill level 6 in Unarmed Combat
  2756 | D:5      | Reached skill level 5 in Fighting
  2930 | D:5      | Killed kak's ghost
  3064 | D:4      | Noticed Edmund
  3074 | D:4      | Killed Edmund
  3074 | D:4      | Reached skill level 7 in Unarmed Combat
  3124 | D:4      | Reached **** piety under Trog
  3124 | D:4      | Reached XP level 9. HP: 77/88 MP: 8/8
  3129 | D:4      | Found a basalt altar of Yredelemnul.
  3140 | D:4      | Noticed Menkaure
  3149 | D:4      | Killed Menkaure
  3156 | D:4      | Found a sacrificial altar of Ru.
  3157 | D:4      | Found a shadowy altar of Dithmenos.
  3158 | D:4      | Found a burning altar of Makhleb.
  3171 | D:4      | Killed chonchonts's ghost
  3373 | D:4      | Found a staircase to the Ecumenical Temple.
  3378 | Temple   | Entered the Ecumenical Temple
  4014 | D:3      | Killed Chiseanne's ghost
  4106 | D:3      | Found a blossoming altar of Fedhas.
  4309 | D:3      | Found a bloodstained altar of Trog.
  4309 | D:3      | Found a glowing silver altar of Zin.
  4824 | D:5      | Reached skill level 8 in Unarmed Combat
  5112 | D:5      | Reached ***** piety under Trog
  5130 | D:5      | Received a gift from Trog
  5848 | D:7      | Reached XP level 10. HP: 100/100 MP: 9/9
  6062 | D:7      | Reached skill level 9 in Unarmed Combat
  7481 | D:9      | Found a staircase to the Orcish Mines.
  7503 | D:9      | Found a sparkling altar of Nemelex Xobeh.
  7539 | D:9      | Reached skill level 10 in Unarmed Combat
  7573 | D:9      | Reached XP level 11. HP: 20/109 MP: 10/10
  7587 | D:9      | HP: 3/109 [basilisk (19)]
  7588 | D:9      | HP: 1/109 [basilisk (3)]
  7589 | D:9      | Slain by a basilisk

Vault maps used:
D:1:      lemuel_arrival_rhombus
D:2:      tso_metal_star, uniq_robin
D:3:      fedhas_altar_2, gammafunk_temple_overflow_statue, minivault_25
D:4:      gammafunk_temple_overflow_forgotten, minmay_temple_entry_nine_rooms,
          yredelemnul_altar_generic, uniq_menkaure, uniq_edmund
D:5:      lemuel_castle_with_subvaults, first_bread
D:6:      gup_ossuary_entry_pyramid, grunt_dithmenos_smoke
D:8:      grunt_ogre_cave
D:9:      nemelex_deck, kennysheep_mini, minmay_lair_entry_grove, orc_0_dummy,
          hex_medium, grunt_ministairs_10
Temple:   triangle_lava_temple_11
Ossuary:  minmay_ossuary_two_tombs

Action                   |  1- 3 |  4- 6 |  7- 9 | 10-12 || total
-------------------------+-------+-------+-------+-------++-------
Melee: Unarmed           |   100 |    66 |   495 |   237 ||   898
Throw: Stone             |       |    21 |   149 |    20 ||   190
Invok: Berserk           |       |     2 |     5 |     2 ||     9
       Trog's Hand       |       |       |     1 |     1 ||     2
 Stab: Sleeping          |     1 |       |     1 |     1 ||     3
  Eat: Chunk             |    12 |     9 |    45 |    18 ||    84
